 Dungeon Crawl Stone Soup version 0.25.1-2-g60ff931df9 (webtiles) character file.

Game seed: 4572303387153644113

123365 Morbidden the Martial Artist (level 16, -3/124 HPs)
             Began as a Demonspawn Assassin on Aug 4, 2020.
             Was the Champion of Cheibriados.
             Slain by an infernal demonspawn
             ... wielding a +0 dire flail
              (17 damage)
             ... while paralysed by an orc sorcerer
             ... on level 2 of the Orcish Mines on Aug 5, 2020.
             The game lasted 01:51:25 (44881 turns).

Morbidden the Martial Artist (Demonspawn Assassin) Turns: 44881, Time: 01:51:26

Health: -3/124     AC: 11    Str: 30    XL:     16   Next: 36%
Magic:  0/29       EV:  2    Int: 36    God:    Cheibriados [******]
Gold:   2749       SH:  0    Dex: 31    Spells: 18/34 levels left

rFire    + . .     SeeInvis .     - Unarmed
rCold    . . .     Gourm    .   (no shield)
rNeg     . . .     Faith    .   J - +0 troll leather armour
rPois    +         Spirit   +   n - +2 hat
rElec    .         Reflect  .   c - +0 cloak
rCorr    .         Harm     .   (gloves unavailable)
MR       +....                  b - +2 pair of boots
Stlth    ++++++....             U - amulet of guardian spirit
HPRegen  0.70/turn              g - +6 ring of intelligence
MPRegen  0.21/turn              I - ring of poison resistance

@: paralysed, lightly drained, very slow
A: claws 3, fire resistance 1, nightstalker 2, augmentation 3, sturdy frame 1
a: Bend Time, Temporal Distortion, Slouch, Step From Time, Renounce Religion


You were on level 2 of the Orcish Mines.
You worshipped Cheibriados.
Cheibriados was exalted by your worship.
You were not hungry.

You visited 4 branches of the dungeon, and saw 24 of its levels.
You also visited: Ossuary and Ice Cave.

You collected 2881 gold pieces.
You spent 132 gold pieces at shops.

Inventory:

Hand Weapons
 o - a +2 dagger
Missiles
 a - a throwing net
 r - 52 boomerangs (quivered)
 v - 10 atropa-tipped darts
 N - 4 curare-tipped darts
 R - 20 poisoned darts
Armour
 b - a +2 pair of boots (worn)
 c - a +0 cloak (worn)
 j - a +0 chain mail of cold resistance
 n - a +2 hat (worn)
 y - a +0 chain mail of fire resistance
 J - a +0 troll leather armour (worn)
Jewellery
 g - a +6 ring of intelligence (left claw)
 i - an uncursed ring of positive energy
 I - a ring of poison resistance (right claw)
 K - an uncursed ring of protection from fire
 M - an uncursed ring of ice
 O - an uncursed ring of wizardry
 U - an amulet of guardian spirit (around neck)
 V - an uncursed ring of protection from cold
Wands
 m - a wand of iceblast (23)
 C - a wand of flame (1)
 T - a wand of paralysis (5)
 Y - a wand of enslavement (5)
Scrolls
 e - 3 scrolls of fog
 q - 4 scrolls of amnesia
 u - 7 scrolls of enchant weapon
 w - 4 scrolls of magic mapping
 x - 3 scrolls of identify
 A - 11 scrolls of remove curse
 D - 4 scrolls of teleportation
 E - a scroll of enchant armour
Potions
 h - a potion of resistance
 k - 2 potions of brilliance {unknown}
 l - 5 potions of flight
 p - a potion of invisibility {unknown}
 t - 6 potions of stabbing
 z - 3 potions of might {unknown}
 B - 2 potions of heal wounds
 F - 9 potions of mutation
 G - 3 potions of degeneration {unknown}
 H - 6 potions of curing
 L - 3 potions of cancellation
 X - a potion of lignification
Miscellaneous
 s - a phantom mirror
Comestibles
 d - 19 chunks of flesh
 f - 52 rations


   Skills:
 * Level 10.6(10.0) Fighting
 + Level 1.9(1.4) Short Blades
 + Level 9.5(8.9) Throwing
 + Level 5.6(5.1) Armour
 * Level 9.0(8.4) Dodging
 + Level 7.3(6.8) Stealth
   Level 2.0(1.5) Shields
 + Level 12.8(12.2) Unarmed Combat
 * Level 9.7(9.1) Spellcasting
 + Level 9.9(9.3) Conjurations
 + Level 0.5(0.1) Translocations
 * Level 1.8(1.4) Transmutations
 + Level 4.0(3.5) Ice Magic
 * Level 2.5(2.0) Earth Magic
 * Level 12.0(11.4) Invocations
 + Level 2.5(2.0) Evocations


You had 18 spell levels left.
You knew the following spells:

 Your Spells              Type           Power        Failure   Level  Hunger
a - Magic Dart            Conj           ####         1%          1    None
b - Searing Ray           Conj           ######       1%          2    None
c - Frozen Ramparts       Ice            #####.       1%          3    None
d - Statue Form           Tmut/Erth      ####.....    88%         6    #####..
z - Iskenderun's Mystic   Conj/Tloc      ######..     3%          4    None

Your spell library contained the following spells:

 Spells                   Type           Power        Failure   Level  Hunger
 Beastly Appendage        Tmut           ####..       1%          1    None
 Freeze                   Ice            ####         1%          1    None
 Sting                    Tmut/Pois      ###.         1%          1    None
 Dazzling Flash           Conj/Hex       ######       1%          3    None
 Hailstorm                Conj/Ice       ######..     1%          4    None
 Corona                   Hex            ###....      2%          1    None
 Summon Butterflies       Summ           ###.....     2%          1    None
 Slow                     Hex            ###.....     3%          2    None
 Ozocubu's Armour         Chrm/Ice       ####....     3%          3    None
 Fulminant Prism          Conj/Hex       ######....   3%          4    None
 Spider Form              Tmut/Pois      ###.......   6%          3    None
 Call Canine Familiar     Summ           ###.....     8%          3    None
 Confusing Touch          Hex            ###.....     8%          3    None
 Gell's Gravitas          Tloc           ###.......   8%          3    None
 Inner Flame              Hex/Fire       ###.....     8%          3    None
 Portal Projectile        Hex/Tloc       ###...       8%          3    None
 Recall                   Summ/Tloc      N/A          8%          3    None
 Tukima's Dance           Hex            ###.....     8%          3    None
 Irradiate                Conj/Tmut      ######....   8%          5    ###....
 Petrify                  Tmut/Erth      ####....     12%         4    None
 Summon Ice Beast         Ice/Summ       ####....     12%         4    None
 Leda's Liquefaction      Hex/Erth       ###.......   17%         4    None
 Animate Dead             Necr           N/A          26%         4    None
 Cause Fear               Hex            ###.......   26%         4    None
 Metabolic Englaciation   Hex/Ice        ####......   34%         5    ###....
 Borgnjor's Vile Clutch   Necr/Erth      ###.......   43%         5    ###....
 Yara's Violent Unravell  Hex/Tmut       ###.......   47%         5    ###....
 Summon Mana Viper        Hex/Summ       ###.....     56%         5    ###....
 Simulacrum               Ice/Necr       ####......   88%         6    #####..
 Death Channel            Necr           ###.......   98%         6    #####..
 Summon Hydra             Summ           ###.......   100%        7    ######.


Dungeon Overview and Level Annotations

Branches:
Dungeon (15/15)            Temple (1/1) D:7            Lair (6/6) D:10
 Shoals (0/4) Lair:2        Snake (0/4) Lair:4        Slime (0/5) Lair:6
    Orc (2/2) D:10         Vaults (0/5) D:14         Depths (0/5) D:15
Ossuary (visited)           IceCv (visited)
    Elf: Orc:2

Altars:
Ashenzari
Cheibriados
Dithmenos
Elyvilon
Fedhas
Gozag
Hepliaklqana
Kikubaaqudgha
Makhleb
Nemelex Xobeh
Okawaru
Qazlal
Ru
Sif Muna
Trog
Uskayaw
Vehumet
Wu Jian
Xom
Yredelemnul
Zin
The Shining One
Jiyva

Shops:
D:4 *?!!?   D:6 (   D:15 }   Orc:2 ?*%

Annotations:
Lair:4 1 runed translucent door, Curus's ghost, journeyman MfGl
Lair:6 1 runed translucent door, exclusion: 3 oklob plants


Innate Abilities, Weirdness & Mutations

You have claws for hands.
Your flesh is heat resistant. (rF+)
You are significantly more attuned to the shadows.
Your magical and physical power is greatly enhanced at high health.
Your movements are slightly less encumbered by armour. (ER -2)


Message History

An orc high priest comes into view. It is wielding a +0 halberd.
The infernal demonspawn hits you with a +0 dire flail!!
You are engulfed in flames!
You resist.
The orc sorcerer gestures at you while chanting.
The bolt of negative energy hits you!
You feel drained.
The orc sorcerer mumbles some strange words.
The infernal demonspawn hits you with a +0 dire flail!
* * * LOW HITPOINT WARNING * * *
You are engulfed in flames.
You resist.
* * * LOW HITPOINT WARNING * * *
The orc sorcerer hits you but does no damage.
The orc priest looks satisfied for a moment.
The smoke demon hits you but does no damage. x3
The orc sorcerer casts a spell at you.
The bolt of fire hits the infernal demonspawn.
The infernal demonspawn completely resists.
The bolt of fire hits you! You resist.
* * * LOW HITPOINT WARNING * * *
The infernal demonspawn hits you with a +0 dire flail!!
You die...

#..###...##
#####...#....
..###...##
##.#.....
......)##
###..... ..#...##
..# ...## ##....
#....## #..
#.#.## #....
....## #o..4...##
##... #..##
##o#o....# ##..
.)..## #oo6o3..#
##. #)...##
##@#.# #..
))#...## ##...#
###.. ..)))..##
##...## ##.##.
))###..)##
##)..## ##.^#..
#.)###)..###...##
##.#....
##..###...#...##
#..#....
##).###.#)#.##
#####...
##..###.).##
#..... ##).###.##
##..#.


You could see an orc high priest, an infernal demonspawn, a hellwing (summoned),
a smoke demon (summoned), 4 orc sorcerers and an orc priest.

Vanquished Creatures
  Kirke (D:14)
  Agnes (D:14)
  Roxanne (D:14)
  An orc warlord (D:7)
  A frost giant (IceCv)
  2 stone giants
  Josephine (D:14)
  2 ettins (D:11)
  Fannar (Lair:2)
  2 rakshasas (D:15)
  8 hydras
  5 catoblepae
  8 vault guards (D:14)
  Erica (D:10)
  2 tengu warriors
  12 death yaks
  4 centaur warriors
  2 two-headed ogres
  3 orc high priests (Orc:2)
  A soul eater (Orc:2)
  Sonja (Lair:2)
  A sun demon (Orc:2)
  A fire crab (Lair:6)
  A deep troll (shapeshifter) (D:15)
  An infernal demonspawn (Orc:2)
  A wizard (D:15)
  A glowing orange brain (D:15)
  5 orc knights
  9 ugly things
  3 orc sorcerers (Orc:2)
  A deep elf mage (D:13)
  A stone giant zombie (D:11)
  16 cyclopes
  5 manticores
  6 elephants (Lair:3)
  Maurice (D:8)
  6 black mambas
  An ice statue (IceCv)
  A guardian serpent (shapeshifter) (D:15)
  2 torpor snails
  8 spiny frogs
  3 rime drakes
  3 gargoyles
  An orange demon (Orc:2)
  A hellwing (Orc:2)
  A tengu conjurer (D:13)
  6 komodo dragons
  11 trolls
  11 polar bears (IceCv)
  12 slime creatures
  A meliai zombie (D:13)
  6 dream sheep (Lair:5)
  13 hippogriffs
  10 blink frogs
  A spriggan (D:7)
  A shadow (D:13)
  A hog (D:14)
  A vampire (D:11)
  4 wyverns
  Grum (D:9)
  A fire bat (shapeshifter) (D:15)
  4 wraiths (D:14)
  51 yaks
  A hungry ghost (D:13)
  8 vampire mosquitoes
  3 basilisks
  Edmund (D:6)
  14 water moccasins
  19 wargs
  7 porcupines
  3 sky beasts
  44 orc warriors
  5 phantoms
  7 black bears
  A necrophage (D:15)
  4 ice beasts
  35 wolves
  19 centaurs
  15 ogres
  12 crocodiles
  2 big kobolds
  An elf zombie (Ossuary)
  22 bullfrogs
  2 wyvern zombies
  2 gnoll sergeants
  3 scorpions
  2 wyvern skeletons
  10 killer bees
  An electric eel (Lair:3)
  3 howler monkeys
  4 wights (D:8)
  8 crimson imps
  A bullfrog zombie (D:9)
  A jelly (D:10)
  A quasit (D:11)
  3 hounds
  7 centaur zombies
  31 orc wizards
  23 orc priests
  A bullfrog skeleton (D:4)
  2 human zombies (Ossuary)
  7 centaur skeletons
  A gnoll shaman (D:7)
  An iron imp (D:9)
  Jessica (D:5)
  4 iguanas
  9 worker ants
  5 hell rats (Lair:6)
  A killer bee zombie (D:5)
  A big kobold zombie (Ossuary)
  A hound zombie (D:11)
  2 hound skeletons
  3 mummies (Ossuary)
  A worker ant zombie (D:6)
  11 adders
  11 gnolls
  6 river rats (Lair:6)
  5 shadow imps
  12 white imps (D:14)
  An ooze (D:1)
  An adder skeleton (D:8)
  A worm (D:3)
  A dart slug (D:1)
  7 leopard geckos
  154 orcs
  A ball python (D:2)
  6 giant cockroaches
  2 gnoll zombies (Ossuary)
  5 goblins
  6 hobgoblins
  13 jackals
  10 kobolds
  7 quokkas
  6 bats
  3 frilled lizards
  7 goblin zombies (Ossuary)
  A hobgoblin zombie (Ossuary)
  3 jackal zombies (Ossuary)
  3 kobold zombies (Ossuary)
  3 orc zombies (Ossuary)
  4 quokka zombies (Ossuary)
  17 rats
  2 rat zombies (Ossuary)
  4 fungi
  4 plants
957 creatures vanquished.

Vanquished Creatures (others)
  2 polar bears (IceCv)
  4 humans (D:14)
  A yak (IceCv)
  An orc wizard (D:6)
  A jackal (D:6)
  A quokka (D:15)
  24 fungi
  13 plants
  2 withered plants (Lair:4)
49 creatures vanquished.

Grand Total: 1006 creatures vanquished

Notes
Turn   | Place    | Note
-------+----------+-------------------------------------------
     0 | D:1      | Morbidden the Demonspawn Assassin began the quest for the
                  | Orb.
     0 | D:1      | Reached XP level 1. HP: 16/16 MP: 1/1
   272 | D:1      | Gained mutation: You have sharp fingernails. [demonic
                  | ancestry]
   272 | D:1      | Reached XP level 2. HP: 22/22 MP: 2/2
   749 | D:1      | Reached skill level 1 in Dodging
  1037 | D:1      | Gained mutation: You are slightly more attuned to the
                  | shadows. [demonic ancestry]
  1037 | D:1      | Reached XP level 3. HP: 13/27 MP: 3/3
  1573 | D:2      | Reached skill level 1 in Shields
  2247 | D:2      | Reached skill level 1 in Unarmed Combat
  2247 | D:2      | Gained mutation: Your flesh is heat resistant. (rF+)
                  | [demonic ancestry]
  2247 | D:2      | Reached XP level 4. HP: 24/33 MP: 4/4
  3599 | D:3      | Reached XP level 5. HP: 33/38 MP: 5/5
  4615 | D:4      | Found Ejyck's Assorted Antiques.
  4618 | D:4      | Bought an embroidered robe for 96 gold pieces
  4682 | D:4      | Found Bazab's Distillery.
  4701 | D:4      | Reached XP level 6. HP: 6/44 MP: 6/6
  5278 | D:4      | Bought a potion of lignification for 36 gold pieces
  5322 | D:4      | Found Isoriaf's Magic Scroll Boutique.
  5832 | D:4      | Gained mutation: You have very sharp fingernails. [demonic
                  | ancestry]
  5832 | D:4      | Reached XP level 7. HP: 41/51 MP: 7/7
  5998 | D:4      | Found Tohaud's Magic Scroll Boutique.
  6008 | D:4      | Found Bockudop's Distillery.
  6215 | D:4      | Found a shattered altar of Ashenzari.
  6215 | D:4      | Found a burning altar of Makhleb.
  6215 | D:4      | Found a radiant altar of Vehumet.
  6437 | D:5      | Entered Level 5 of the Dungeon
  7391 | D:5      | Reached skill level 5 in Unarmed Combat
  7572 | D:5      | Found a sparkling altar of Nemelex Xobeh.
  7572 | D:5      | Noticed Jessica
  7581 | D:5      | Killed Jessica
  7864 | D:6      | Noticed Edmund
  7872 | D:6      | Killed Edmund
  7872 | D:6      | Reached XP level 8. HP: 57/57 MP: 8/8
  7958 | D:5      | Reached skill level 5 in Stealth
  8310 | D:6      | Found Ugoes's Antique Weapon Shop.
  8393 | D:6      | Learned a level 1 spell: Magic Dart
  9435 | D:6      | Reached skill level 1 in Spellcasting
  9435 | D:6      | Reached skill level 1 in Conjurations
  9875 | D:5      | Found a sacrificial altar of Ru.
  9942 | D:7      | Found a shadowy altar of Dithmenos.
  9944 | D:7      | Found a hazy altar of Hepliaklqana.
  9999 | D:7      | Found a white marble altar of Elyvilon.
 10002 | D:7      | Found an opulent altar of Gozag.
 10034 | D:7      | Reached skill level 5 in Throwing
 10052 | D:7      | Found a blossoming altar of Fedhas.
 10053 | D:7      | Found an ancient bone altar of Kikubaaqudgha.
 10069 | D:7      | Reached XP level 9. HP: 49/63 MP: 9/11
 10147 | D:7      | Found a staircase to the Ecumenical Temple.
 10157 | Temple   | Entered the Ecumenical Temple
 10342 | D:7      | Found a sand-covered staircase.
 10347 | Ossuary  | Entered an ossuary
 11324 | D:8      | Identified the +9 hand crossbow "Ixoix" {elec, +Inv rF+
                  | Int+4}
 11874 | D:8      | Found an ornate altar of the Wu Jian Council.
 11887 | D:8      | Found an iron altar of Okawaru.
 11949 | D:8      | Noticed Maurice
 12002 | D:8      | Killed Maurice
 12428 | D:9      | Gained mutation: Your movements are slightly less
                  | encumbered by armour. (ER -2) [demonic ancestry]
 12428 | D:9      | Reached XP level 10. HP: 73/73 MP: 13/15
 13029 | D:9      | Noticed Grum
 13055 | D:9      | Killed Grum
 13080 | D:9      | Learned a level 2 spell: Searing Ray
 14154 | D:9      | Reached skill level 5 in Fighting
 14487 | D:9      | Found a snail-covered altar of Cheibriados.
 14495 | D:9      | Became a worshipper of Cheibriados the Contemplative
 14656 | D:9      | Reached skill level 1 in Invocations
 15660 | D:7      | Reached * piety under Cheibriados
 15663 | D:7      | Gained mutation: You are significantly more attuned to the
                  | shadows. [demonic ancestry]
 15663 | D:7      | Reached XP level 11. HP: 34/80 MP: 0/17
 16740 | D:7      | Reached ** piety under Cheibriados
 17354 | D:7      | Noticed an orc warlord
 17531 | D:7      | Killed an orc warlord
 17531 | D:7      | Reached skill level 5 in Dodging
 17531 | D:7      | Reached skill level 5 in Conjurations
 18158 | D:10     | Entered Level 10 of the Dungeon
 18312 | D:10     | Found a staircase to the Lair.
 18365 | D:10     | Noticed Erica
 18383 | D:10     | Killed Erica
 18383 | D:10     | Reached *** piety under Cheibriados
 18383 | D:10     | Reached skill level 1 in Evocations
 18736 | D:10     | Found a staircase to the Orcish Mines.
 18954 | D:10     | Reached skill level 5 in Spellcasting
 19096 | D:10     | Noticed a centaur warrior
 19258 | D:10     | Noticed a two-headed ogre
 19266 | D:10     | Killed a two-headed ogre
 19266 | D:10     | Reached skill level 5 in Invocations
 19336 | D:10     | Killed a centaur warrior
 19972 | D:10     | Reached **** piety under Cheibriados
 20342 | D:11     | Noticed an ettin
 20342 | D:11     | Noticed an ettin
 20713 | Lair:1   | Entered Level 1 of the Lair of Beasts
 20835 | Lair:1   | Learned a level 4 spell: Iskenderun's Mystic Blast
 20864 | Lair:1   | Reached XP level 12. HP: 43/91 MP: 7/20
 21257 | Lair:1   | Identified the Incunabulum of the Oath and Creation
 21578 | Lair:1   | Noticed a seven-headed hydra
 21591 | Lair:1   | Killed a seven-headed hydra
 21616 | Lair:1   | Reached ***** piety under Cheibriados
 22055 | Lair:1   | Reached skill level 10 in Unarmed Combat
 22747 | Lair:2   | Found a staircase to the Shoals.
 22783 | Lair:2   | Noticed a six-headed hydra
 22790 | Lair:2   | Killed a six-headed hydra
 23042 | Lair:2   | Noticed an eight-headed hydra
 23049 | Lair:2   | Killed an eight-headed hydra
 23056 | Lair:2   | Reached skill level 1 in Armour
 23652 | Lair:2   | Noticed Sonja
 23676 | Lair:2   | Killed Sonja
 23977 | Lair:2   | Noticed a four-headed hydra
 23985 | Lair:2   | Noticed Fannar
 23986 | Lair:2   | Killed a four-headed hydra
 23999 | Lair:2   | Killed Fannar
 25410 | Lair:3   | Noticed a catoblepas
 25427 | Lair:3   | Killed a catoblepas
 25427 | Lair:3   | Gained mutation: You have claws for hands. [demonic
                  | ancestry]
 25427 | Lair:3   | Reached XP level 13. HP: 59/98 MP: 21/23
 27891 | Lair:4   | Found a runed translucent door.
 27921 | Lair:4   | Found a staircase to the Snake Pit.
 27948 | Lair:4   | Reached ****** piety under Cheibriados
 28704 | Lair:4   | Noticed Curus's ghost (journeyman MfGl)
 30708 | Lair:6   | Entered Level 6 of the Lair of Beasts
 31877 | Lair:6   | Gained mutation: Your magical and physical power is
                  | slightly enhanced at high health. [demonic ancestry]
 31877 | Lair:6   | Reached XP level 14. HP: 87/108 MP: 18/25
 32238 | Lair:6   | Learned a level 3 spell: Frozen Ramparts
 33100 | Lair:6   | Found a runed translucent door.
 33100 | Lair:6   | Found a viscous altar of Jiyva.
 33100 | Lair:6   | Found a staircase to the Slime Pits.
 33100 | Lair:6   | Noticed an azure jelly
 33100 | Lair:6   | Noticed an azure jelly
 34175 | D:11     | Reached skill level 1 in Ice Magic
 34480 | D:11     | Reached skill level 5 in Armour
 34873 | D:11     | Noticed a stone giant
 34888 | D:11     | Killed a stone giant
 34888 | D:11     | Reached skill level 10 in Invocations
 38510 | D:14     | Gained mutation: Your magical and physical power is
                  | enhanced at high health. [demonic ancestry]
 38510 | D:14     | Reached XP level 15. HP: 112/115 MP: 27/27
 38514 | D:14     | Noticed Kirke
 38530 | D:14     | Killed Kirke
 38537 | D:14     | Found a gate to the Vaults.
 38635 | D:14     | Found a frozen archway.
 38731 | IceCv    | Entered an ice cave
 39315 | IceCv    | Reached skill level 10 in Fighting
 40097 | IceCv    | Noticed a frost giant
 40105 | IceCv    | Killed a frost giant
 40165 | IceCv    | Got a bloodstained long sword
 40621 | D:14     | Noticed Josephine
 40630 | D:14     | Killed Josephine
 40767 | D:14     | Noticed Agnes
 40777 | D:14     | Killed Agnes
 40921 | D:14     | Identified the +3 centaur barding of Diups {Str+5 Stlth-}
 41240 | D:14     | Identified Roxanne's Papyrus of Moulding
 41240 | D:14     | Noticed Roxanne
 41261 | D:14     | Killed Roxanne
 41275 | D:14     | Learned a level 6 spell: Statue Form
 41710 | D:15     | Entered Level 15 of the Dungeon
 42142 | D:15     | Reached skill level 1 in Earth Magic
 42319 | D:15     | Gained mutation: Your magical and physical power is greatly
                  | enhanced at high health. [demonic ancestry]
 42319 | D:15     | Reached XP level 16. HP: 103/123 MP: 5/29
 42443 | D:15     | Found a white marble altar of Elyvilon.
 42483 | D:15     | Found Uceeth's Gadget Boutique.
 42628 | D:15     | Found a staircase to the Depths.
 42633 | D:15     | Reached skill level 1 in Transmutations
 43112 | Orc:1    | Entered Level 1 of the Orcish Mines
 43760 | Orc:2    | Entered Level 2 of the Orcish Mines
 43926 | Orc:2    | Paralysed by an orc sorcerer for 4 turns
 44298 | Orc:2    | Found Saje Vaf's General Store.
 44323 | Orc:2    | Found Joor's Magic Scroll Shoppe.
 44449 | Orc:2    | Found Keumuo's Food Emporium.
 44875 | Orc:2    | Paralysed by an orc sorcerer for 6 turns
 44881 | Orc:2    | Slain by an infernal demonspawn

Illustrated notes

Levels and vault maps discovered:
D:1:      ncdulo_wetmaze, layout_loops_ring, minmay_misc_feat_tiny
D:2:      layout_basic
D:3:      layout_loops_cross, kennysheep_minor_cross
D:4:      layout_loops_cross, gammafunk_temple_overflow_forgotten, first_ration,
          serial_shops, kennysheep_mini, nicolae_shop_behind_doors, shop, shop,
          shop_scrolls
D:5:      layout_cave_pools, nicolae_overflow_hidden_temple,
          nemelex_lonely_heart_becter
D:6:      kennysheep_spiral_hall, layout_loops_ring, serial_shops,
          nicolae_shop_temple_entry_statues_fountains, uniq_edmund
D:7:      lemuel_castle_with_subvaults [lemuel_castle_interior_carwin_1],
          layout_basic, grunt_temple_overflow_growth_and_decay,
          riverfiend_overflow_shadow_ancestor, amethyst_overflow_temple_binary,
          minmay_temple_entry_grid, lightli_ossuary_entry_decrepit_ruins,
          the_bakery, serial_park_tiny_2
D:8:      layout_basic, overflow_temple_1_default, lemuel_round_altar,
          uniq_maurice
D:9:      layout_irregular_city, slow_altar_2, minmay_quadrilaterals, uniq_grum
D:10:     layout_long_grid, due_lair_maze_entry_diamond,
          minmay_orc_entry_guard_dogs, minmay_diamond_spiral, uniq_erica
D:11:     giant_chief_lemuel, layout_rooms
D:12:     layout_basic
D:13:     layout_roguey
D:14:     layout_loops_ring, erik_vaults_2, minmay_fountain_box,
          portal_ice_cave_entry_imps, kennysheep_generic_room_9, uniq_josephine,
          uniq_agnes, uniq_roxanne, uniq_kirke
D:15:     gammafunk_enter_depths_forms, layout_irregular_city, serial_shops,
          nicolae_shop_statue_plus, elyvilon_altar_4
Temple:   nicolae_temple_figure_zero
Lair:1:   layout_roguey, lemuel_fruit_tree
Lair:2:   layout_cellular_growth, shoals_dummy_entry, minmay_shattered_shrine,
          infiniplex_staircase_pool, uniq_sonja, uniq_fannar
Lair:3:   layout_cave_pods, st_stairs_11, minmay_holes,
          nicolae_quartered_pool_super, lemuel_fruit_fields
Lair:4:   layout_regular_city, guppyfry_snake_entry_garden,
          gammafunk_ghost_grave, grunt_megastairs_4
Lair:5:   layout_misc_corridors
Lair:6:   evilmike_catoblepas_cave, layout_layer_cave, slime_altar_2,
          kennysheep_abandoned_house, grunt_megastairs_3,
          minmay_lair_oklob_chamber
Orc:1:    layout_diamond_mine, lemuel_statue_altar
Orc:2:    pf_orc_diabolical, layout_diamond_mine, serial_shops,
          nicolae_shop_behind_doors

Skill      XL: |  1  2  3  4  5  6  7  8  9 10 11 12 13 14 15 16 |
---------------+-------------------------------------------------+-----
Stealth        | 4 5 6 7 |  7.3
Throwing       | 2 3 5 6 7 8 9 |  9.5
Dodging        | 1 2 3 4 5 6 7 8 9 |  9.0
Shields        | 1 2 |  2.0
Unarmed Combat | 1 2 4 5 6 8 9 10 11 12 | 12.8
Fighting       | 3 4 5 7 8 9 10 | 10.6
Spellcasting   | 1 3 4 5 6 7 8 9 |  9.7
Conjurations   | 1 3 4 6 7 8 9 |  9.9
Invocations    | 1 5 7 9 10 11 12 | 12.0
Evocations     | 1 2 |  2.5
Armour         | 2 4 5 |  5.6
Ice Magic      | 2 3 4 |  4.0
Earth Magic    | 1 2 |  2.5
Transmutations | 1 |  1.8
Short Blades   | |  1.9
Translocations | |  0.5

Action                   |  1- 3 |  4- 6 |  7- 9 | 10-12 | 13-15 | 16-18 || total
-------------------------+-------+-------+-------+-------+-------+-------++-------
Melee: Dagger            |    10 |    49 |       |       |       |       ||    59
       Unarmed           |    96 |   419 |   471 |   435 |   954 |   266 ||  2641
       Punch             |       |     1 |    15 |    22 |    94 |    24 ||   156
Throw: Stone             |    62 |    23 |    34 |       |       |       ||   119
       Dart              |    19 |    51 |   113 |   116 |    84 |       ||   383
       Boomerang         |     3 |    11 |     8 |   101 |   188 |    46 ||   357
 Cast: Magic Dart        |       |       |    54 |    91 |    46 |    22 ||   213
       Searing Ray       |       |       |       |    84 |    63 |     4 ||   151
       Iskenderun's Myst |       |       |       |     1 |    19 |       ||    20
       Frozen Ramparts   |       |       |       |       |    36 |       ||    36
Invok: Slouch            |       |       |       |       |     3 |       ||     3
Evoke: Wand              |       |       |       |    27 |    26 |     2 ||    55
  Use: Potion            |       |     5 |       |     8 |    11 |     1 ||    25
       Scroll            |       |     5 |     5 |     8 |    16 |       ||    34
 Stab: Sleeping          |     3 |     7 |    13 |     7 |    17 |     6 ||    53
       Distracted        |       |     1 |     1 |       |     6 |     3 ||    11
       Invisible         |       |       |       |     1 |       |       ||     1
       Confused          |       |       |       |     3 |       |       ||     3
  Eat: Chunk             |     3 |     9 |    15 |    21 |    24 |     5 ||    77
       Ration            |       |     1 |     2 |     1 |     1 |       ||     5
Armor: Robe              |    26 |   150 |    94 |    39 |       |       ||   309
       Skin              |       |       |       |    17 |       |       ||    17
       Leather armour    |       |       |       |    22 |       |       ||    22
       Chain mail        |       |       |       |    51 |   349 |       ||   400
       Troll leather arm |       |       |       |       |    38 |    53 ||    91
Dodge: Dodged            |    74 |   240 |   236 |   306 |   861 |   271 ||  1988
Block: Buckler           |    18 |    52 |       |       |       |       ||    70
       Other             |       |    26 |    80 |   107 |    12 |       ||   225
       Reflection        |       |     4 |     2 |     1 |       |       ||     7
